 Dungeon Crawl Stone Soup version 0.29-a0-284-gf9362112df (webtiles) character file.

Game seed: 13488130232434070892

148 sylnyx the Skirmisher (level 5, 0/47 HPs)
             Began as a Minotaur Monk on Mar 24, 2022.
             Slain by a gnoll
             ... wielding a +0 spear
              (7 damage)
             ... on level 3 of the Dungeon.
             The game lasted 00:03:00 (2602 turns).

sylnyx the Skirmisher (Minotaur Monk)               Turns: 2602, Time: 00:03:01

Health: 0/47       AC:  2    Str: 17    XL:     5   Next: 8%
Magic:  4/4        EV: 13    Int:  7    God:
Gold:   136        SH:  0    Dex: 13    Spells: 4/4 levels left

rFire   . . .      SeeInvis .   e - +1 dagger (elec)
rCold   . . .      Faith    .   (no shield)
rNeg    . . .      Spirit   .   b - +0 robe
rPois   .          Reflect  .   (helmet restricted)
rElec   .          Harm     .   (no cloak)
rCorr   .          Rampage  .   (no gloves)
Will    .....                   (no boots)
Stlth   ++........              (no amulet)
HPRegen 0.15/turn               (no ring)
MPRegen 0.09/turn               (no ring)

@: no status effects
A: horns 2, retaliatory headbutt
a: no special abilities


You were on level 3 of the Dungeon.
You visited 1 branch of the dungeon, and saw 3 of its levels.

You collected 136 gold pieces.

Inventory:

Hand Weapons
 a - a +0 falchion
 e - a +1 dagger of electrocution (weapon)
 p - a +4 hunting sling of flaming
Missiles
 s - 2 throwing nets (quivered)
Armour
 b - a +0 robe (worn)
Scrolls
 f - a scroll of holy word {unknown}
 g - a scroll of noise {unknown}
 m - a scroll of fear {unknown}
 o - a scroll of enchant armour {unknown}
 q - a scroll of blinking {unknown}
 r - a scroll of vulnerability {unknown}
Potions
 c - a potion of ambrosia
 d - 3 potions of brilliance {unknown}
 h - 2 potions of degeneration {unknown}
 i - a potion of curing {unknown}
 j - a potion of lignification {unknown}
 k - a potion of attraction {unknown}
 l - a potion of mutation {unknown}
 n - a potion of berserk rage {unknown}


   Skills:
 + Level 4.6 Fighting
 + Level 1.5(3.0) Short Blades
 + Level 4.4(4.6) Long Blades
 + Level 4.4 Dodging
 + Level 2.3 Stealth


You had 4 spell levels left.
You didn't know any spells.
Your spell library contained the following spells:

 Spells                   Type           Power      Damage    Failure   Level
 Animate Skeleton         Necr           0%         N/A       43%         1
 Pain                     Necr           0%         1d4       43%         1
 Ozocubu's Armour         Ice            0%         N/A       80%         3
 Summon Guardian Golem    Hex/Summ       0%         N/A       80%         3
 Vampiric Draining        Necr           0%         2d6       80%         3
 Metabolic Englaciation   Hex/Ice        0%         N/A       100%        5
 Dispersal                Tloc           0%         N/A       100%        6
 Simulacrum               Ice/Necr       0%         N/A       100%        6
 Orb of Destruction       Conj           0%         9d5       100%        7
 Spellforged Servitor     Conj/Summ      0%         N/A       100%        7
 Disjunction              Tloc           0%         N/A       100%        8


Dungeon Overview and Level Annotations

Branches:
Dungeon (3/15)

Altars:

Shops:
D:1 =


Innate Abilities, Weirdness & Mutations

You have a pair of horns on your head.
You reflexively headbutt those who attack you in melee.


Message History

The gnoll shouts!
You hit the gnoll. Lightning courses through the gnoll!!
You kill the gnoll!
The gnoll barely misses you. The gnoll hits you with a +0 whip!
The gnoll barely misses you.
Things that are here:
a +0 club; a gnoll corpse You closely miss the gnoll.
The gnoll closely misses you. x2
You furiously retaliate!
You headbutt the gnoll. The gnoll hits you with a +0 flail!
You barely miss the gnoll.
The gnoll is lightly wounded.
The gnoll barely misses you. The gnoll hits you with a +0 flail.
The gnoll closely misses you.
You barely miss the gnoll. Your headbutt misses the gnoll.
The gnoll is lightly wounded.
The gnoll barely misses you. The gnoll hits you with a +0 flail.
The gnoll misses you.
You hit the gnoll. Lightning courses through the gnoll!
Your headbutt misses the gnoll.
The gnoll is severely wounded.
You hit the gnoll.
The gnoll is almost dead.
The gnoll misses you. You furiously retaliate!
You headbutt the gnoll. The gnoll closely misses you.
The gnoll hits you with a +0 spear!
You are too injured to fight recklessly!
You are too injured to fight recklessly!
You are too injured to fight recklessly!
You are too injured to fight recklessly!
You are too injured to fight recklessly!
You hit the gnoll but do no damage. Your punch misses the gnoll.
The gnoll is almost dead.
The gnoll barely misses you. The gnoll hits you with a +0 whip!
* * * LOW HITPOINT WARNING * * *
The gnoll barely misses you. The gnoll attacks as you move away!
The gnoll closely misses you. You furiously retaliate!
You headbutt the gnoll. The gnoll attacks as you move away!
The gnoll misses you.
The gnoll hits you from afar with a +0 spear!
You die...

..# ..# .##.....#
..##...>....##..##+##
..#............##8.8##
.<#...........##.....##
.............##8.....8##
...#.....>..##.........##
..##........#8....g....8#
..##........'...@)g.....+
............#8....g....8#
..#######...##.........##
### #....##8.....8##
#########.....##.....##
..............###8.8##
.########.....# ##+## ##
#.....# #.....#


You could see 3 gnolls.

Vanquished Creatures
  Natasha (D:2)
  4 gnolls (D:3)
  2 adders (D:3)
  2 worms
  A dart slug (D:1)
  An orc (D:3)
  4 ball pythons
  5 endoplasms
  2 giant cockroaches
  6 hobgoblins
  6 jackals
  7 kobolds
  A quokka (D:3)
  7 bats
  3 goblins
  4 rats
56 creatures vanquished.

Notes
Turn   | Place    | Note
-------+----------+-------------------------------------------
     0 | D:1      | sylnyx the Minotaur Monk began the quest for the Orb.
     0 | D:1      | Reached XP level 1. HP: 19/19 MP: 0/0
   121 | D:1      | Found Okhaggis's Jewellery Emporium.
   129 | D:1      | Reached XP level 2. HP: 27/27 MP: 1/1
   913 | D:2      | Reached XP level 3. HP: 33/33 MP: 2/2
  1599 | D:2      | Noticed Natasha
  1605 | D:2      | Killed Natasha
  1813 | D:3      | Reached XP level 4. HP: 41/41 MP: 3/3
  2044 | D:3      | Reached skill level 1 in Short Blades
  2469 | D:3      | Reached XP level 5. HP: 35/47 MP: 4/4
  2602 | D:3      | Slain by a gnoll

Illustrated notes

Levels and vault maps discovered:
D:1:      minmay_arrival_arboretum_small, layout_basic, serial_shops,
          shop_fountains, serial_park_tiny_pond
D:2:      layout_basic, hangedman_abyss_or_decor_stabs, uniq_natasha
D:3:      layout_rooms, st_stairs_10, dk_noncrumbling_4, minmay_vboxes

Skill      XL: |  1  2  3  4 |
---------------+-------------+-----
Long Blades    | 4 |  4.4
Fighting       | 4 |  4.6
Dodging        | 4 |  4.4
Stealth        | 2 |  2.3
Short Blades   | 1 |  1.5

Action                   |  1- 3 |  4- 6 || total
-------------------------+-------+-------++-------
Melee: Falchion          |    22 |       ||    22
       Headbutt          |    11 |    10 ||    21
       Dagger            |    59 |    51 ||   110
 Stab: Sleeping          |     3 |     2 ||     5
Armor: Robe              |    14 |     4 ||    18
Dodge: Dodged            |    50 |    55 ||   105

Table legend: (Time is in decaauts)
 A = Elapsed time spent in this place.
 B = Non-inter-level travel time spent in this place.
 C = Inter-level travel time spent in this place.
 D = Time resting spent in this place.
 E = Time spent auto-exploring this place.
 F = Levels seen in this place.
 G = Mean time per level.
                   A        B        C        D        E       F      G
               +--------+--------+--------+--------+--------+-----+--------+
         Total |   2590 |   2515 |     75 |    540 |   1643 |   3 |  863.3 |
       Dungeon |   2590 |   2515 |     75 |    540 |   1643 |   3 |  863.3 |
               +--------+--------+--------+--------+--------+-----+--------+

Top non-repeatable levels by time:
     D:1: 906 daAuts
     D:2: 900 daAuts
     D:3: 783 daAuts
